 Dungeon Crawl Stone Soup version 0.26.1-11-gd32895ea62 (webtiles) character file.

Game seed: 423290196225270414

216634 T2blue the Warrior (level 18, -3/168 HPs)
             Began as a Minotaur Fighter on July 10, 2021.
             Was the Champion of Qazlal.
             Succumbed to a sea snake's poison
             ... on level 4 of the Shoals on July 11, 2021.
             The game lasted 05:39:05 (41708 turns).

T2blue the Warrior (Minotaur Fighter)              Turns: 41708, Time: 05:39:05

Health: -3/168     AC: 28    Str: 22 (27) XL:     18   Next: 36%
Magic:  11/17      EV: 13    Int:  5      God:    Qazlal [******]
Gold:   298        SH:  0    Dex: 16      Spells: 17/17 levels left

rFire    + . .     SeeInvis +   a - +5 flail (vamp)
rCold    x . .     Faith    .   c - +1 kite shield
rNeg     + . .     Spirit   +   B - +2 plate armour {rN+}
rPois    .         Reflect  .   (helmet restricted)
rElec    .         Harm     .   H - +1 cloak {Will+}
rCorr    .         Rampage  .   L - +2 pair of gloves
Will     ++...                  y - +2 pair of boots {run}
Stlth    ..........             X - amulet of guardian spirit
HPRegen  0.38/turn              Y - ring of Pyxkuyvy {Fire Str+4}
MPRegen  0.15/turn              Z - ring of see invisible

@: confused, lethally poisoned (-3 -> -108), flying (expiring), mesmerised, very
slightly contaminated, invisible, repel missiles, quick
A: retaliatory headbutt, horns 2
}: 1/15 runes: gossamer
a: Renounce Religion, Upheaval, Elemental Force, Disaster Area


You were on level 4 of the Shoals.
You worshipped Qazlal.
Qazlal was exalted by your worship.
You visited 5 branches of the dungeon, and saw 30 of its levels.
You also visited: Gauntlet.

You collected 3323 gold pieces.
You spent 3025 gold pieces at shops.

Inventory:

Hand Weapons
 a - a +5 vampiric flail (weapon)
 b - a +7 hand crossbow of freezing
 e - a +1 mace of holy wrath
 I - a +1 hand axe of freezing
 W - a +4 hand axe of flaming
Missiles
 t - 73 bolts
Armour
 c - a +1 kite shield (worn)
 l - a +1 chain mail of cold resistance
 y - a +2 pair of boots of running (worn)
 B - a +2 plate armour of positive energy (worn)
 H - a +1 cloak of willpower (worn)
 L - a +2 pair of gloves (worn)
Jewellery
 k - a +6 ring of dexterity
 v - an uncursed ring of poison resistance
 z - an uncursed ring of protection from fire
 N - an uncursed ring of positive energy
 X - an amulet of guardian spirit (around neck)
 Y - the ring of Pyxkuyvy (left hand) {Fire Str+4}
   (You found it on level 15 of the Dungeon)

   [ring of fire]

   It enhances your fire magic.
   It affects your strength (+4).
   It protects you from fire.
   It makes you vulnerable to cold.
 Z - a ring of see invisible (right hand)
Wands
 o - a wand of iceblast (12)
 C - a wand of random effects (41) (quivered)
 G - a wand of flame (22)
 M - a wand of enslavement (6)
 O - a wand of digging (7)
 P - a wand of paralysis (11)
 Q - a wand of polymorph (14)
 S - a wand of acid (5)
Scrolls
 f - 12 scrolls of remove curse
 g - 9 scrolls of amnesia
 h - 7 scrolls of teleportation
 j - 5 scrolls of fear
 q - 3 scrolls of magic mapping
 D - 8 scrolls of identify
 F - a scroll of fog
 K - 10 scrolls of immolation
 U - a scroll of torment
Potions
 d - 6 potions of might
 i - 2 potions of ambrosia
 m - 3 potions of magic
 n - a potion of haste
 r - 4 potions of attraction
 s - 2 potions of invisibility
 w - 7 potions of brilliance
 x - 7 potions of cancellation
 A - 2 potions of mutation
Miscellaneous
 p - a box of beasts


   Skills:
 + Level 16.9 Fighting
 + Level 14.1 Axes
 - Level 13.4 Crossbows
 + Level 14.2 Armour
 * Level 10.6 Dodging
 + Level 14.4 Shields
 * Level 15.4 Evocations


You had 17 spell levels left.
You didn't know any spells.
Your spell library contained the following spells:

 Spells                   Type           Power        Failure   Level
 Animate Skeleton         Necr           0%           99%         1
 Apportation              Tloc           0%           99%         1
 Corona                   Hex            0%           99%         1
 Freeze                   Ice            0%           99%         1
 Pain                     Necr           0%           99%         1
 Sandblast                Erth           0%           99%         1
 Sting                    Tmut/Pois      0%           99%         1
 Summon Small Mammal      Summ           0%           99%         1
 Call Imp                 Summ           0%           100%        2
 Corpse Rot               Necr/Air       N/A          100%        2
 Ensorcelled Hibernation  Hex/Ice        0%           100%        2
 Passwall                 Tmut/Erth      0%           100%        2
 Poisonous Vapours        Pois/Air       0%           100%        2
 Slow                     Hex            0%           100%        2
 Confusing Touch          Hex            0%           100%        3
 Frozen Ramparts          Ice            0%           100%        3
 Gell's Gravitas          Tloc           0%           100%        3
 Ignite Poison            Fire/Tmut/Pois 0%           100%        3
 Inner Flame              Hex/Fire       0%           100%        3
 Mephitic Cloud           Conj/Pois/Air  0%           100%        3
 Ozocubu's Armour         Ice            0%           100%        3
 Portal Projectile        Hex/Tloc       0%           100%        3
 Stone Arrow              Conj/Erth      0%           100%        3
 Vampiric Draining        Necr           0%           100%        3
 Animate Dead             Necr           0%           100%        4
 Cause Fear               Hex            0%           100%        4
 Hailstorm                Conj/Ice       0%           100%        4
 Leda's Liquefaction      Hex/Erth       0%           100%        4
 Olgreb's Toxic Radiance  Pois           0%           100%        4
 Petrify                  Tmut/Erth      0%           100%        4
 Summon Ice Beast         Ice/Summ       0%           100%        4
 Agony                    Necr           0%           100%        5
 Bolt of Magma            Conj/Fire/Erth 0%           100%        5
 Borgnjor's Vile Clutch   Necr/Erth      0%           100%        5
 Iskenderun's Battlesphe  Conj           0%           100%        5
 Lee's Rapid Deconstruct  Erth           0%           100%        5
 Metabolic Englaciation   Hex/Ice        0%           100%        5
 Silence                  Hex/Air        0%           100%        5
 Summon Demon             Summ           0%           100%        5
 Summon Forest            Summ/Tloc      0%           100%        5
 Summon Mana Viper        Hex/Summ       0%           100%        5
 Yara's Violent Unravell  Hex/Tmut       0%           100%        5
 Eringya's Noxious Bog    Tmut/Pois      0%           100%        6
 Hydra Form               Tmut           0%           100%        6
 Iron Shot                Conj/Erth      0%           100%        6
 Shadow Creatures         Summ           N/A          100%        6
 Orb of Destruction       Conj           0%           100%        7
 Spellforged Servitor     Conj/Summ      0%           100%        7
 Summon Hydra             Summ           0%           100%        7


Dungeon Overview and Level Annotations

Branches:
Dungeon (15/15)            Temple (0/1) D:6            Lair (5/6) D:8
 Shoals (4/4) Lair:3       Spider (4/4) Lair:2        Slime (0/5) Lair:5
    Orc (2/2) D:12            Elf (0/3) Orc:2        Vaults (0/5) D:13
 Depths (0/5) D:15        Gauntlet (visited)

Altars:
Elyvilon
Gozag
Makhleb
Nemelex Xobeh
Okawaru
Qazlal
Sif Muna
Trog
Beogh
Jiyva

Shops:
D:7 :   D:10 :   D:13 ?   D:14 [?[!   D:15 :?(!   Orc:1 [   Orc:2 =[(
Shoals:3 }

Annotations:
Lair:3 exclusion: oklob plant
Shoals:4 Mara, Polyphemus


Innate Abilities, Weirdness & Mutations

You reflexively headbutt those who attack you in melee.
You have a pair of horns on your head.


Message History

You feel very sick.
There is a lethal amount of poison in your body!
You are too confused!
Unknown command.
You are more confused.
You feel more invigorated.
* * * LOW HITPOINT WARNING * * *
You feel extremely sick.
The merfolk avatar chants its luring song.
The sea snake bites you!
* * * LOW HITPOINT WARNING * * *
You are more poisoned.
The sea snake poisons you!
The snapping turtle is engulfed in freezing vapours.
The snapping turtle closely misses you.
The sea snake bites you but does no damage.
Are you sure you want to stumble around while confused and next to deep water while you are losing your buoyancy?
You miss the sea snake. You headbutt the sea snake.
The sea snake is lightly wounded.
You die...

≈≈≈≈≈≈≈≈≈####################
≈≈≈≈≈≈≈≈≈≈≈≈≈≈≈○≈≈≈°≈≈≈≈≈≈≈≈#
≈≈≈≈≈≈≈≈≈≈≈≈≈≈≈≈○§§≈≈≈≈≈≈≈≈≈#
≈≈≈≈≈≈≈≈≈≈≈≈≈≈≈≈≈S○≈≈≈≈≈≈≈≈≈#
≈≈≈≈≈≈≈≈≈≈≈≈≈≈≈○@m≈≈≈≈≈≈≈≈≈≈#
≈≈≈≈≈≈≈≈≈≈≈≈≈≈§≈≈St≈≈≈≈≈≈≈≈≈#
≈≈≈≈≈≈≈≈≈≈≈≈≈≈≈°m≈≈○≈≈≈≈≈≈≈≈#
≈≈≈≈≈≈≈≈≈.≈≈≈≈≈≈≈≈≈≈≈≈≈≈≈≈≈≈#
≈≈≈≈≈≈≈≈≈..≈≈≈≈≈≈≈≈≈≈≈≈≈≈≈≈≈#
≈≈≈≈≈≈≈≈.......≈≈≈≈≈≈≈≈≈≈≈≈≈#
≈≈≈≈≈≈≈.........≈≈≈≈≈≈≈≈≈≈≈≈#
≈≈≈≈≈≈............≈≈≈≈≈≈≈≈≈≈#
≈≈≈≈≈,.m..........≈≈R≈≈≈≈≈≈≈#


You could see 2 merfolk avatars, 2 sea snakes and a snapping turtle.

Vanquished Creatures
  Jorgrun (Shoals:3)
  6 ghost moths
  7 emperor scorpions
  Aizul (Spider:3)
  A minotaur (Gauntlet)
  The ghost of Hairutzoic the Fighter, a journeyman MiBe of Trog (Lair:5)
  2 entropy weavers (Spider:4)
  An ettin (D:15)
  5 merfolk impalers
  Fannar (D:10)
  4 hydras
  5 boulder beetles
  3 centaur warriors
  A vault guard (D:13)
  A catoblepas (D:13)
  A merfolk aquamancer (Shoals:4)
  A merfolk avatar (Shoals:3)
  6 ogre magi
  17 two-headed ogres
  A satyr (Shoals:3)
  4 death yaks
  5 tengu warriors
  Sonja (D:12)
  Urug (Lair:3)
  A deep troll (D:15)
  3 skeletal warriors (D:14)
  An unseen horror (D:11)
  3 wizards (D:13)
  7 sea snakes
  A lindwurm (Lair:5)
  7 manticores
  21 wolf spiders
  2 necromancers (D:13)
  19 harpies
  An orc knight (Orc:1)
  17 orb spiders
  4 deep elf magi
  6 cyclopes
  7 slime creatures
  10 ugly things
  3 merfolk sirens
  6 centaur zombies
  A faun (Shoals:3)
  10 elephants
  4 water nymphs
  2 black mambas
  2 ice statues (Spider:1)
  2 torpor snails (Spider:4)
  2 gargoyles
  2 centaur skeletons
  A rime drake (shapeshifter) (D:14)
  A kobold demonologist (D:12)
  10 cane toads
  11 demonic crawlers
  4 rime drakes
  A freezing wraith (D:14)
  16 komodo dragons
  12 merfolk
  An ice devil (Gauntlet)
  31 jumping spiders
  A tengu conjurer (D:15)
  4 wind drakes
  7 trolls
  5 polar bears
  6 hornets
  17 blink frogs
  7 snapping turtles
  11 dream sheep
  25 tarantellas
  2 spriggans (Lair:3)
  A shadow (D:15)
  3 water elementals
  A vampire (D:11)
  61 redbacks
  9 wyverns
  5 basilisks
  7 wraiths
  30 yaks
  17 humans (D:13)
  4 vampire mosquitoes (D:11)
  Menkaure (D:4)
  2 swamp worms (Gauntlet)
  2 wargs
  14 water moccasins
  Duvessa (D:4)
  14 orc warriors
  5 sky beasts
  8 black bears
  9 ice beasts
  3 necrophages
  39 ogres
  4 boggarts (D:14)
  29 wolves
  18 centaurs
  2 big kobolds
  16 bullfrogs
  2 wyvern zombies
  Dowan (D:4)
  2 wyvern skeletons
  A water moccasin skeleton (D:9)
  4 scorpions
  13 wights
  16 killer bees
  2 electric eels
  A howler monkey (D:5)
  3 bullfrog zombies
  A quasit (D:5)
  8 hounds
  16 orc wizards
  6 orc priests
  4 jellies
  3 bullfrog skeletons
  4 iguanas
  11 worker ants
  3 hound zombies
  A hound skeleton (D:11)
  3 worker ant zombies
  A howler monkey zombie (D:6)
  3 gnolls (D:6)
  A river rat (D:8)
  9 adders
  4 white imps
  4 ufetubi
  3 oozes
  5 worms
  4 dart slugs
  10 leopard geckos
  44 orcs
  4 giant cockroaches
  10 goblins
  6 hobgoblins
  A jackal (D:8)
  20 kobolds
  3 quokkas
  3 ball pythons
  12 bats
  10 frilled lizards
  A leopard gecko skeleton (D:4)
  6 rats
968 creatures vanquished.

Vanquished Creatures (collateral kills)
  5 harpies (Shoals:2)
  A merfolk (Shoals:3)
  A redback (Spider:4)
7 creatures vanquished.

Vanquished Creatures (others)
  A kobold demonologist (D:12)
  A jumping spider (Spider:4)
  11 demonic plants (Gauntlet)
  22 fungi
  72 plants
  A withered plant (D:10)
108 creatures vanquished.

Grand Total: 1083 creatures vanquished

Notes
Turn   | Place    | Note
-------+----------+-------------------------------------------
     0 | D:1      | T2blue the Minotaur Fighter began the quest for the Orb.
     0 | D:1      | Reached XP level 1. HP: 19/19 MP: 0/0
   175 | D:1      | Reached XP level 2. HP: 27/27 MP: 1/1
   657 | D:1      | Reached skill level 4 in Fighting
   799 | D:2      | Reached XP level 3. HP: 29/33 MP: 2/2
   942 | D:2      | Reached XP level 4. HP: 40/40 MP: 3/3
  1322 | D:2      | You fall into a shaft and drop 1 floor!
  1711 | D:3      | Reached XP level 5. HP: 47/47 MP: 4/4
  2236 | D:3      | Found a sparkling altar of Nemelex Xobeh.
  2236 | D:3      | Found a stormy altar of Qazlal.
  2252 | D:3      | Became a worshipper of Qazlal Stormbringer
  2501 | D:3      | Reached skill level 5 in Armour
  2503 | D:3      | Reached skill level 5 in Fighting
  2503 | D:3      | Reached skill level 5 in Shields
  2636 | D:4      | Reached XP level 6. HP: 56/56 MP: 5/5
  3065 | D:4      | Noticed Duvessa
  3065 | D:4      | Noticed Dowan
  3073 | D:4      | Noticed Menkaure
  3074 | D:4      | Killed Duvessa
  3075 | D:4      | Reached skill level 1 in Crossbows
  3077 | D:4      | Reached * piety under Qazlal
  3080 | D:4      | Killed Dowan
  3085 | D:4      | Killed Menkaure
  3086 | D:4      | Reached skill level 5 in Axes
  3086 | D:4      | Reached XP level 7. HP: 28/62 MP: 6/6
  3466 | D:5      | Entered Level 5 of the Dungeon
  3743 | D:5      | Reached skill level 6 in Fighting
  3792 | D:5      | HP: 2/63 [ice beast (12)]
  3915 | D:5      | Found a bloodstained altar of Trog.
  4777 | D:6      | Reached XP level 8. HP: 53/70 MP: 7/7
  4980 | D:6      | Reached skill level 7 in Fighting
  5217 | D:6      | Found a staircase to the Ecumenical Temple.
  5954 | D:7      | Reached ** piety under Qazlal
  5961 | D:7      | Reached XP level 9. HP: 63/79 MP: 8/8
  6085 | D:7      | Reached skill level 5 in Crossbows
  6163 | D:7      | Found Edghaircho's Book Shoppe.
  6374 | D:7      | Reached skill level 8 in Fighting
  6554 | D:7      | Reached skill level 1 in Evocations
  6907 | D:8      | Noticed a death yak
  6911 | D:8      | Noticed a death yak
  6912 | D:8      | Noticed a death yak
  6919 | D:8      | Killed a death yak
  6961 | D:7      | Killed a death yak
  6962 | D:7      | Reached skill level 5 in Evocations
  6962 | D:7      | Reached XP level 10. HP: 19/88 MP: 9/9
  7285 | D:7      | Killed a death yak
  7635 | D:8      | Found a staircase to the Lair.
  8679 | D:9      | Identified a scroll of acquirement
  8680 | D:9      | Acquired a manual of Fighting
  9283 | D:9      | Reached *** piety under Qazlal
  9918 | D:10     | Entered Level 10 of the Dungeon
  9928 | D:10     | Found an opulent altar of Gozag.
 10144 | D:10     | Found Jotsihu's Book Emporium.
 10405 | D:10     | Reached XP level 11. HP: 95/95 MP: 10/10
 10615 | D:11     | Killed an unseen horror
 10616 | D:11     | Reached skill level 9 in Fighting
 10811 | D:11     | Found a gate leading to a gauntlet.
 10822 | Gauntlet | Entered a Gauntlet
 10822 | Gauntlet | Found a transporter.
 10834 | Gauntlet | Found a transporter.
 10848 | Gauntlet | Found a transporter.
 10852 | Gauntlet | Noticed a necromancer
 10852 | Gauntlet | Noticed a death yak
 10853 | Gauntlet | Found a transporter.
 10853 | Gauntlet | Noticed a death yak
 10867 | Gauntlet | Noticed an orange crystal statue
 10868 | Gauntlet | Found a transporter.
 10888 | Gauntlet | Found a transporter.
 10894 | Gauntlet | Noticed a death yak
 10894 | Gauntlet | Noticed a death yak
 10895 | Gauntlet | Noticed a death yak
 10906 | Gauntlet | Found a large runed translucent door.
 10907 | Gauntlet | Found a large runed translucent door.
 10908 | Gauntlet | Found a large runed translucent door.
 10908 | Gauntlet | Found a large runed translucent door.
 10909 | Gauntlet | Found a runed translucent gate.
 10910 | Gauntlet | Found a transporter.
 10910 | Gauntlet | Found a runed translucent gate.
 10911 | Gauntlet | Found a runed translucent gate.
 10912 | Gauntlet | Found a large runed translucent door.
 10912 | Gauntlet | Found a large runed translucent door.
 10912 | Gauntlet | Found a runed translucent door.
 10912 | Gauntlet | Found a runed translucent door.
 10913 | Gauntlet | Found a large runed translucent door.
 10914 | Gauntlet | Found a large runed translucent door.
 10916 | Gauntlet | Found a transporter.
 10921 | Gauntlet | Found a large runed translucent door.
 10921 | Gauntlet | Found a large runed translucent door.
 10922 | Gauntlet | Found a large runed translucent door.
 10923 | Gauntlet | Found a large runed translucent door.
 10927 | Gauntlet | Noticed a death ooze
 10931 | Gauntlet | Found a transporter.
 10932 | Gauntlet | Found a large runed translucent door.
 10932 | Gauntlet | Found a large runed translucent door.
 10933 | Gauntlet | Found a large runed translucent door.
 10934 | Gauntlet | Found a large runed translucent door.
 10936 | Gauntlet | Found a transporter.
 10949 | Gauntlet | Noticed a death drake
 10968 | Gauntlet | Found a transporter.
 10977 | Gauntlet | Found a transporter.
 10983 | Gauntlet | Found a transporter.
 10983 | Gauntlet | Found a transporter.
 11022 | Gauntlet | Found a transporter.
 11052 | Gauntlet | Found a transporter.
 11052 | Gauntlet | Found a transporter.
 11118 | Gauntlet | Found a transporter.
 11245 | Gauntlet | Noticed a minotaur
 11283 | Gauntlet | Killed a minotaur
 11563 | Gauntlet | Identified Kezulus's Catalogue of Creative Shape Shifting
 11588 | D:11     | Noticed a six-headed hydra
 11607 | D:11     | Killed a six-headed hydra
 11996 | D:11     | Noticed a brown ugly thing
 12005 | D:11     | Killed a brown ugly thing
 12081 | D:11     | Noticed Fannar
 12297 | D:11     | Noticed an eight-headed hydra
 12300 | D:11     | Noticed a brown ugly thing
 12321 | D:10     | Reached skill level 10 in Fighting
 12335 | D:10     | Killed an eight-headed hydra
 12673 | D:11     | Killed a brown ugly thing
 12673 | D:11     | Reached **** piety under Qazlal
 12796 | D:10     | Killed Fannar
 12797 | D:10     | Reached skill level 10 in Evocations
 12997 | D:11     | Noticed a deep elf mage
 13017 | D:11     | Killed a deep elf mage
 13018 | D:11     | Reached XP level 12. HP: 88/107 MP: 11/11
 13469 | D:12     | Found a white marble altar of Elyvilon.
 13498 | D:12     | Noticed Sonja
 13502 | D:12     | Killed Sonja
 13592 | D:12     | Noticed a two-headed ogre
 13614 | D:11     | Killed a two-headed ogre
 13615 | D:11     | Reached skill level 11 in Fighting
 13905 | D:12     | Noticed a two-headed ogre
 13918 | D:12     | Found a staircase to the Orcish Mines.
 13924 | D:12     | Killed a two-headed ogre
 14078 | D:12     | Found a roughly hewn altar of Beogh.
 14118 | D:12     | Got a steaming ring mail
 14154 | D:12     | Identified the +3 ring mail of the Sun {Stlth+} (You found
                  | it on level 12 of the Dungeon)
 14369 | D:12     | Reached skill level 10 in Shields
 14669 | Lair:1   | Entered Level 1 of the Lair of Beasts
 14710 | Lair:1   | Reached skill level 10 in Armour
 14800 | Lair:1   | Reached ***** piety under Qazlal
 14860 | Lair:1   | Reached skill level 10 in Crossbows
 15620 | Lair:2   | Reached skill level 10 in Axes
 15687 | Lair:2   | Reached XP level 13. HP: 91/117 MP: 12/12
 15695 | Lair:2   | Reached skill level 12 in Fighting
 15999 | Lair:2   | Found a hole to the Spider Nest.
 16951 | Lair:3   | Noticed Urug
 16970 | Lair:3   | Killed Urug
 17591 | Lair:3   | Found a staircase to the Shoals.
 18670 | Lair:4   | Reached skill level 13 in Fighting
 19143 | Lair:5   | Found a runed translucent gate.
 19143 | Lair:5   | Found a runed translucent gate.
 19143 | Lair:5   | Found a runed translucent gate.
 19151 | Lair:5   | Noticed Hairutzoic's ghost (journeyman MiBe)
 19365 | Lair:5   | Reached ****** piety under Qazlal
 19442 | Lair:5   | Reached XP level 14. HP: 117/129 MP: 11/13
 19772 | Lair:5   | Found a viscous altar of Jiyva.
 19772 | Lair:5   | Found a staircase to the Slime Pits.
 21118 | Lair:5   | Killed Hairutzoic's ghost
 21368 | Orc:1    | Entered Level 1 of the Orcish Mines
 21604 | Orc:1    | Found Cecolar's Antique Armour Emporium.
 21848 | Orc:2    | Entered Level 2 of the Orcish Mines
 21928 | Orc:1    | Reached skill level 14 in Fighting
 22789 | Orc:2    | Found a staircase to the Elven Halls.
 22943 | Orc:2    | Found a burning altar of Makhleb.
 23114 | Orc:2    | Found Gokko Seinae's Weapon Boutique.
 23114 | Orc:2    | Found Ruerevev's Antique Armour Shoppe.
 23115 | Orc:2    | Found Zefi's Magic Scroll Shoppe.
 23115 | Orc:2    | Found Yblan's Jewellery Shop.
 23123 | Orc:2    | Bought a scroll of enchant weapon for 90 gold pieces
 23123 | Orc:2    | Bought a scroll of identify for 24 gold pieces
 23123 | Orc:2    | Bought a scroll of remove curse for 36 gold pieces
 23123 | Orc:2    | Bought a scroll of torment for 90 gold pieces
 23123 | Orc:2    | Bought a scroll of teleportation for 36 gold pieces
 23123 | Orc:2    | Bought a scroll of immolation for 42 gold pieces
 23123 | Orc:2    | Bought a scroll of identify for 24 gold pieces
 23123 | Orc:2    | Bought a scroll of teleportation for 36 gold pieces
 23123 | Orc:2    | Bought a scroll of brand weapon for 240 gold pieces
 23123 | Orc:2    | Bought a scroll of magic mapping for 42 gold pieces
 23296 | Orc:1    | Bought a glowing plate armour for 936 gold pieces
 23309 | Orc:1    | Bought a pair of embroidered boots for 270 gold pieces
 23319 | Orc:1    | Identified a +1 pair of boots of running (You bought it in
                  | a shop on level 1 of the Orcish Mines)
 23445 | Orc:1    | Bought a runed cloak for 270 gold pieces
 23870 | D:13     | Reached skill level 15 in Fighting
 23870 | D:13     | Reached XP level 15. HP: 141/141 MP: 14/14
 24059 | D:13     | Reached XP level 16. HP: 122/149 MP: 13/15
 24278 | D:13     | Found a gate to the Vaults.
 24337 | D:13     | Found Kuyhol's Magic Scroll Emporium.
 24345 | D:13     | scrolls
 24838 | D:14     | Reached skill level 1 in Dodging
 25290 | D:14     | Found Settid's Magic Scroll Emporium.
 25313 | D:14     | Bought a scroll of enchant weapon for 90 gold pieces
 25313 | D:14     | Bought a scroll of blinking for 90 gold pieces
 25391 | D:14     | Found Xyrroymu's Distillery.
 25408 | D:14     | Bought a potion of might for 56 gold pieces
 25408 | D:14     | Bought a potion of curing for 42 gold pieces
 25408 | D:14     | Bought a potion of curing for 42 gold pieces
 25583 | D:14     | Found Sicwapt's Antique Armour Shop.
 25735 | D:14     | Found an iron altar of Okawaru.
 25861 | D:14     | Found a sparkling altar of Nemelex Xobeh.
 25955 | D:14     | Found Oxiyrghou's Armour Shoppe.
 26129 | D:15     | Entered Level 15 of the Dungeon
 26392 | D:15     | Found Kamasisybeo's Distillery.
 26634 | D:15     | Found a shimmering blue altar of Sif Muna.
 26661 | D:15     | Found Ozu Zos's Magic Scroll Shop.
 26709 | D:15     | Bought 2 scrolls of fear for 98 gold pieces
 26709 | D:15     | Bought a scroll of blinking for 105 gold pieces
 26760 | D:15     | Found Lanitz's Book Boutique.
 26797 | D:15     | Found Coludun's Antique Weapon Boutique.
 26834 | D:15     | Found a staircase to the Depths.
 26883 | D:15     | Got a pitted bone ring
 26885 | D:15     | Identified the ring of Pyxkuyvy {Fire Str+4} (You found it
                  | on level 15 of the Dungeon)
 27252 | Shoals:1 | Entered Level 1 of the Shoals
 27277 | Shoals:1 | Reached skill level 5 in Dodging
 27493 | Spider:1 | Entered Level 1 of the Spider Nest
 27606 | Spider:1 | Got a distressingly furry plate armour
 27696 | Lair:2   | Identified the cursed +0 plate armour "Egaym" {Dex+6} (You
                  | found it on level 1 of the Spider Nest)
 28091 | Spider:1 | Found a frozen archway.
 28702 | Spider:1 | You fall into a shaft and drop 1 floor!
 28734 | Spider:2 | Reached skill level 16 in Fighting
 29241 | Spider:2 | Reached XP level 17. HP: 158/158 MP: 16/16
 31712 | Spider:3 | Noticed Aizul
 31735 | Spider:3 | Killed Aizul
 32482 | Spider:3 | Found the +10 Black Knight's barding {ponderous, rPois rN+}
 32779 | Spider:4 | Entered Level 4 of the Spider Nest
 36994 | Spider:4 | Got a gossamer rune of Zot
 37376 | Shoals:1 | Reached skill level 15 in Evocations
 38317 | Shoals:1 | Reached XP level 18. HP: 123/168 MP: 12/17
 38951 | Shoals:2 | Reached skill level 10 in Dodging
 39639 | Shoals:3 | Noticed Jorgrun
 39664 | Shoals:3 | Killed Jorgrun
 39949 | Shoals:3 | Found Cepac's Gadget Shoppe.
 40419 | D:13     | Bought a scroll of enchant armour for 82 gold pieces
 40419 | D:13     | Bought a scroll of enchant weapon for 82 gold pieces
 40419 | D:13     | Bought a scroll of immolation for 38 gold pieces
 40419 | D:13     | Bought a scroll of blinking for 82 gold pieces
 40419 | D:13     | Bought a scroll of torment for 82 gold pieces
 41581 | Shoals:4 | Entered Level 4 of the Shoals
 41581 | Shoals:4 | Noticed Mara
 41583 | Shoals:4 | Noticed T2blue's illusion
 41643 | Shoals:4 | Noticed Polyphemus
 41657 | Shoals:4 | HP: 7/168 [merfolk siren/+0 trident (8)]
 41691 | Shoals:4 | HP: 3/168 [drowned by a drowned soul[a merfolk avatar]
                  | (11)]
 41699 | Shoals:4 | HP: 3/168 [sea snake (8)]
 41705 | Shoals:4 | HP: 7/168 [sea snake (2)]
 41707 | Shoals:4 | HP: 1/168 [sea snake (3)]
 41708 | Shoals:4 | Succumbed to a sea snake's poison

Illustrated notes

,,,,,,,,,* #.......#
,,,,,,,,,* #.......#
,,,,,,,,,* #.......#
,,,,,,,,,######.......#
,,,,,,,,,......°......#
,,,****,,.....○.○.....#
,,,* *,,...##.°......#
,,,****,,..,*#..☼.○...#
,,,,,,,,,.,,*#§.@.....#
,,,,,,,,,....[....○...#
*********##############


Turn 24345 on D:13: scrolls

Levels and vault maps discovered:
D:1:      eino_arrival_cavern_d, layout_basic, minmay_misc_feat_encased,
          dk_noncrumbling_4, chequers_avenue, kennysheep_minor_cross,
          hangedman_glass_garden
D:2:      layout_rooms, minmay_fractal_squares_gapless_5
D:3:      wad_river_or_something, layout_basic,
          gammafunk_temple_overflow_statue, grunt_decor_clamped
D:4:      cheibrodos_quashed, layout_basic, uniq_menkaure, uniq_duvessa
D:5:      layout_cave_pools, trog_butcher_becter
D:6:      layout_basic, minmay_temple_entry_statues_pillars, nrook_loot_triangle
D:7:      layout_basic, serial_shops, shop
D:8:      layout_basic, dpeg_lair_monsters, minmay_manual_mail
D:9:      layout_layer_cave
D:10:     layout_roguey, serial_undead, serial_undead_a, serial_undead_c,
          serial_undead_d, serial_undead_a, serial_undead_c, serial_undead_c,
          serial_shops, shop, kennysheep_path_1, fungi_pond_lemuel,
          grunt_gozag_statues
D:11:     minmay_cornered_nines, layout_rooms, enter_bailey_3,
          gauntlet_entry_generic, minmay_joined_circles, uniq_fannar
D:12:     layout_long_grid, minmay_orc_entry_temple_small, elyvilon_altar_4,
          uniq_sonja
D:13:     layout_stronghold, grunt_vaults_entry_tiered, serial_shops, shop
D:14:     layout_basic, serial_shops, kennysheep_little_box, shop,
          nicolae_shop_behind_doors, shop, hangedman_decor_riveting,
          basic_altar, grunt_ministairs_7, nemelex_diamond_rough_becter
D:15:     hangedman_depths_entry_civil_slaughter, layout_rooms, serial_shops,
          nicolae_shop_behind_doors, nicolae_shop_statue_plus, shop, shop,
          lemuel_blue_sif_altar
Lair:1:   layout_cave_shapes, chequers_serial_rivers_micro_a, grunt_megastairs_5
Lair:2:   layout_cave_pods, dummy_spider_entry, st_stairs_9, beast_lair_carwin_5
Lair:3:   layout_loops_ring, elwin_shoals_entry_rooms, forest_entry_grove,
          minmay_lair_oklob_chamber, lemuel_fruit_fields, uniq_urug
Lair:4:   layout_cave_shapes, wad_woods_road_02
Lair:5:   nzn_winding_woodlands_stair_cross [nzn_winding_woodlands_5x15_eye,
          nzn_winding_woodlands_center_garden, nzn_winding_woodlands_5x15_cabin,
          nzn_winding_woodlands_5x5_three, nzn_winding_woodlands_5x5_perimeter,
          nzn_winding_woodlands_5x15_lazy_stream,
          nzn_winding_woodlands_center_pierced_h,
          nzn_winding_woodlands_5x15_concentric], layout_long_grid,
          slime_altar_1, ebering_ghost_rock_garden, beast_lair_carwin_2
Shoals:1: layout_shoals
Shoals:2: layout_shoals
Shoals:3: layout_shoals, serial_shops, shop, uniq_jorgrun
Shoals:4: shoals_end_grunt_ice, layout_shoals, uniq_mara, uniq_polyphemus
Spider:1: layout_chambers, portal_ice_cave_entry_ice_statue_two
Spider:2: layout_spider_delve
Spider:3: layout_chambers, nicolae_spider_cling_halls, uniq_aizul
Spider:4: grunt_spider_rune_circles
Orc:1:    layout_caves, serial_shops, shop
Orc:2:    st_orc_ogre_mass, layout_diamond_mine, basic_altar

Skill      XL: |  1  2  3  4  5  6  7  8  9 10 11 12 13 14 15 16 17 18 |
---------------+-------------------------------------------------------+-----
Fighting       | 4 5 6 7 8 10 11 13 15 16 | 16.9
Armour         | 4 5 6 7 8 9 10 11 12 13 14 | 14.2
Shields        | 4 5 6 7 8 9 10 11 12 13 14 | 14.4
Axes           | 3 4 5 6 7 9 10 12 13 14 | 14.1
Crossbows      | 2 3 4 5 6 8 10 11 13 | 13.4
Evocations     | 5 8 10 11 12 13 14 15 | 15.4
Dodging        | 6 9 10 | 10.6

Action                   |  1- 3 |  4- 6 |  7- 9 | 10-12 | 13-15 | 16-18 || total
-------------------------+-------+-------+-------+-------+-------+-------++-------
Melee: War axe           |    58 |    61 |       |       |       |       ||   119
       Headbutt          |     8 |    23 |    47 |   193 |   268 |   387 ||   926
       Hand axe          |       |    60 |   178 |   539 |   614 |  1322 ||  2713
       Mace              |       |       |       |    12 |    56 |    16 ||    84
       Flail             |       |       |       |       |       |    40 ||    40
 Fire: Hunting sling     |    22 |    68 |       |       |       |       ||    90
       Hand crossbow     |       |       |   111 |   188 |   229 |   418 ||   946
Invok: Upheaval          |       |       |     1 |       |       |     6 ||     7
       Elemental Force   |       |       |       |       |     1 |     2 ||     3
       Disaster Area     |       |       |       |       |     1 |     1 ||     2
Evoke: Wand              |       |       |     2 |     9 |     6 |    86 ||   103
       Box of beasts     |       |       |       |       |       |     2 ||     2
  Use: Scroll            |     3 |     1 |    11 |    20 |    18 |    31 ||    84
       Potion            |       |     1 |     5 |     8 |     9 |    28 ||    51
 Stab: Paralysed         |       |       |       |    17 |       |    19 ||    36
       Distracted        |       |       |       |       |       |     1 ||     1
Armor: Scale mail        |    16 |       |       |       |       |       ||    16
       Chain mail        |    15 |    62 |       |       |       |     3 ||    80
       Ring mail         |       |       |    11 |       |       |       ||    11
       Plate armour      |       |       |    19 |   286 |   234 |   905 ||  1444
Dodge: Dodged            |    15 |    24 |    23 |   110 |    91 |   564 ||   827
       Repelled          |       |       |       |     1 |     3 |     5 ||     9
Block: Kite shield       |    40 |    63 |   122 |   627 |   665 |  1965 ||  3482
